 Dungeon Crawl Stone Soup version 0.32-a0-981-g384da2ce10 (webtiles) character file.

Game seed: 8962412815642580828

6432 DrKenneth the Blocker (level 10, -13/141 HPs)
             Began as a Minotaur Fighter on Apr 21, 2024.
             Mangled by an orc warrior
             ... wielding a +0 glaive
              (15 damage)
             ... in a bailey.
             The game lasted 00:26:30 (8285 turns).

DrKenneth the Blocker (Minotaur Fighter)            Turns: 8285, Time: 00:26:31

Health: -13/141    AC: 25    Str: 25    XL:     10   Next: 67%
Magic:  9/9        EV:  2    Int:  5    God:
Gold:   552        SH:  0    Dex: 10    Spells: 9/9 levels left

rFire   . . .        J - +4 battleaxe
rCold   . . .        (shield currently unavailable)
rNeg    . . .        k - melded +0 ice dragon scales
rPois   +            (helmet currently unavailable)
rElec   .            H - melded +0 cloak
rCorr   .            n - melded +0 pair of gloves
SInv    .            (boots currently unavailable)
Will    .....        (no amulet)
Stlth   +            D - ring of flight
HPRegen 0.43/turn    (no ring)
MPRegen 0.11/turn

%: no passive effects
@: tree-form
A: stationary, stasis, torment immunity, boosted hp, (horns 2), (retaliatory
headbutt)
a: no special abilities


You were in a bailey.
You were a tree.
You visited 2 branches of the dungeon, and saw 10 of its levels.
You also visited: Ossuary and Bailey.

You collected 552 gold pieces.

Inventory:

Hand Weapons
 a - a +0 war axe
 J - a +4 battleaxe (weapon)
Missiles
 L - a throwing net (quivered)
Armour
 b - a +0 scale mail
 c - a +0 buckler
 k - +0 ice dragon scales (melded)
 n - a +0 pair of gloves (melded)
 H - a +0 cloak (melded)
Jewellery
 q - an amulet of guardian spirit
 D - a ring of flight (left branch)
 I - a ring of willpower
Wands
 F - a wand of roots (20)
 K - a wand of mindburst (12)
 O - a wand of flame (19)
Scrolls
 e - 10 scrolls of identify
 f - a scroll of torment
 g - 7 scrolls of teleportation
 i - 2 scrolls of poison {unknown}
 j - 2 scrolls of immolation
 m - 2 scrolls of enchant weapon {unknown}
 o - 3 scrolls of enchant armour {unknown}
 p - a scroll of fear {unknown}
 w - a scroll of noise {unknown}
 x - a scroll of brand weapon {unknown}
 y - a scroll of amnesia {unknown}
 E - 2 scrolls of blinking {unknown}
 M - 2 scrolls of fog {unknown}
 N - a scroll of summoning {unknown}
Potions
 d - 4 potions of might
 h - 8 potions of curing
 l - 3 potions of degeneration {unknown}
 r - 3 potions of lignification
 s - 2 potions of brilliance {unknown}
 t - 2 potions of invisibility {unknown}
 u - 2 potions of attraction {unknown}
 v - a potion of enlightenment {unknown}
 z - a potion of magic {unknown}
 A - a potion of cancellation {unknown}
 B - 3 potions of heal wounds {unknown}
 C - a potion of berserk rage {unknown}
 G - a potion of ambrosia {unknown}
 P - a potion of haste {unknown}


   Skills:
 + Level 10.4 Fighting
 + Level 10.1 Axes
 + Level 10.4 Armour
 + Level 10.4 Shields


You had 9 spell levels left.
You didn't know any spells.
Your spell library contained the following spells:

 Spells                   Type           Power      Damage    Failure   Level
 Freeze                   Ice            0%         1d3       47%         1
 Necrotise                Necr           0%         1d4       47%         1
 Frozen Ramparts          Ice            0%         1d1       85%         3
 Hailstorm                Conj/Ice       0%         3d5       85%         3
 Brom's Barrelling Bould  Conj/Erth      0%         2d3       99%         4
 Fireball                 Conj/Fire      0%         3d3       100%        5
 Iskenderun's Battlesphe  Conj           0%         2d6       100%        5
 Conjure Ball Lightning   Conj/Air       0%         3x3d6     100%        6
 Orb of Destruction       Conj           0%         9d5       100%        7


Dungeon Overview and Level Annotations

Branches:
Dungeon (9/15)             Temple (1/1) D:4         Ossuary (visited)
 Bailey (1/1)
   Lair: D:8-11         Orc: D:9-12

Altars:
Ashenzari
Cheibriados
Dithmenos
Elyvilon
Fedhas
Gozag
Kikubaaqudgha
Nemelex Xobeh
Qazlal
Ru
Sif Muna
Trog
Uskayaw
Vehumet
Wu Jian
Xom
Zin
The Shining One

Shops:
D:2 !   D:7 [

Annotations:
D:3 3 runed translucent doors, Natenado's ghost, amateur DjFE
D:5 3 runed translucent doors, Anchor's ghost, amateur GnDe; discipleofbeogh's ghost, amateur DsIE; elagabalus's ghost, amateur GrFE; lucidstorm14's ghost, novice MiBe; spaghetti's ghost, novice OnBe


Innate Abilities, Weirdness & Mutations

You are a tree.
Your roots penetrate the ground, keeping you stationary.
You cannot be teleported.
You are immune to unholy pain and torment.
Your maximum health is greatly increased.
Your equipment is partially melded.
((You have a pair of horns on your head.))
((You reflexively headbutt those who attack you in melee.))


Message History

Your +0 cloak melds into your body.
Your +0 pair of gloves melds into your body.
Your +0 ice dragon scales melds into your body.
Your roots penetrate the ground.
An orc comes into view. It is wielding a +0 trident.
The orc warrior hits you from afar with a +0 halberd!
* * * LOW HITPOINT WARNING * * *
You cannot move.
You cannot move.
You cannot move.
You cannot move.
You cannot move.
You cannot move.
The orc warrior no longer looks unusually strong.
The orc warrior hits you but does no damage.
The orc warrior no longer looks unusually strong.
The orc warrior splashes around in the water.
The orc warrior hits you from afar with a +0 halberd.
* * * LOW HITPOINT WARNING * * *
The orc warrior splashes around in the water.
The orc warrior hits you from afar with a +0 halberd.
* * * LOW HITPOINT WARNING * * *
The orc warrior splashes around in the water.
The orc warrior hits you from afar with a +0 halberd.
* * * LOW HITPOINT WARNING * * *
The orc hits you from afar with a +0 trident.
* * * LOW HITPOINT WARNING * * *
The orc warrior hits you but does no damage.
The orc warrior hits you from afar with a +0 halberd.
* * * LOW HITPOINT WARNING * * *
The orc knight roars a battlecry!
The orcs go into a battle-frenzy!
The orc hits you but does no damage.
The orc warrior splashes around in the water.
The orc warrior hits you from afar with a +0 halberd!
* * * LOW HITPOINT WARNING * * *
The orc hits you from afar with a +0 trident.
* * * LOW HITPOINT WARNING * * *
The orc warrior hits you from afar with a +0 glaive!
You die...

##§§§§≈.§≈≈. .
#+..≈≈.....≈≈ ##
#..≈≈...⌠...§ #
#...o..⌠∩⌠.§.
#..§§o§...§§ #..§≈≈≈≈§§§
##.§..§.§§§
~.#########o###+########
~....o.♣.oo##.....##.)).
~~~~~~~~~o..##.∩.##..~~~
........)~~..## ##..~~..
########..~~..###..~~..#
##..~~.....~~..##
##..~~~~~~~..##
##.........##
###########


You could see an orc knight, 3 orc warriors and an orc (strong).

Vanquished Creatures
  A two-headed ogre (D:8)
  Prince Ribbit (D:5)
  Grinder (D:3)
  Sigmund (D:5)
  3 wyverns
  Eustachio (D:4)
  2 steam dragons (D:6)
  Edmund (D:6)
  3 water moccasins
  An orc warrior (Bailey)
  A sky beast (D:6)
  A black bear (D:6)
  3 ice beasts
  2 ogres
  2 centaurs
  3 kobold brigands
  10 scorpions
  2 gnoll sergeants (D:7)
  14 wights
  2 howler monkeys
  4 jellies
  3 centaur zombies (Ossuary)
  A hound (D:7)
  2 orc priests
  Crazy Yiuf (D:4)
  5 gnoll boudas
  4 sleepcaps (D:5)
  3 iguanas
  5 scorpion zombies (Ossuary)
  Jessica (D:3)
  6 orc wizards
  4 mummies
  26 gnolls
  4 adders
  A shadow imp (D:7)
  A white imp (D:8)
  4 adder zombies (Ossuary)
  2 dart slugs (D:3)
  4 ribbon worms
  38 orcs
  5 bats
  3 endoplasms
  2 giant cockroaches
  3 gnoll zombies (Ossuary)
  9 goblins
  6 hobgoblins
  4 jackals
  15 kobolds
  2 quokkas
  5 ball pythons
  4 frilled lizards
  A hobgoblin zombie (D:4)
  5 jackal zombies (Ossuary)
  3 orc zombies
  8 rats
249 creatures vanquished.

Notes
Turn   | Place    | Note
-------+----------+-------------------------------------------
     0 | D:1      | DrKenneth the Minotaur Fighter began the quest for the Orb.
     0 | D:1      | Reached XP level 1. HP: 19/19 MP: 0/0
   135 | D:1      | Reached XP level 2. HP: 27/27 MP: 1/1
   938 | D:2      | Found Jovaykh's Distillery.
  1089 | D:2      | Reached XP level 3. HP: 33/33 MP: 2/2
  1113 | D:2      | Found a faded altar of an unknown god.
  1900 | D:3      | Found a stormy altar of Qazlal.
  1906 | D:3      | Reached XP level 4. HP: 40/40 MP: 3/3
  1917 | D:3      | Noticed Grinder
  1927 | D:3      | Killed Grinder
  1928 | D:3      | Reached skill level 5 in Fighting
  1928 | D:3      | Reached skill level 5 in Armour
  1928 | D:3      | Reached skill level 5 in Shields
  1928 | D:3      | Reached XP level 5. HP: 35/48 MP: 4/4
  1974 | D:3      | Found a glowing silver altar of Zin.
  1977 | D:3      | Noticed an angel
  1978 | D:3      | Noticed Jessica
  1990 | D:3      | Killed Jessica
  1991 | D:3      | Reached XP level 6. HP: 42/56 MP: 5/5
  1994 | D:3      | Found a shimmering altar of Xom.
  2254 | D:3      | Found a runed translucent gate.
  2254 | D:3      | Noticed Natenado's ghost (amateur DjFE)
  2256 | D:3      | Found a runed translucent gate.
  2256 | D:3      | Found a runed translucent gate.
  2533 | D:4      | Found a staircase to the Ecumenical Temple.
  2574 | D:4      | Found a broken altar of Ashenzari.
  2574 | D:4      | Noticed Eustachio
  2600 | D:4      | Found a sand-covered staircase.
  2609 | Ossuary  | Entered an ossuary
  2730 | Ossuary  | Reached skill level 5 in Axes
  2730 | Ossuary  | Reached XP level 7. HP: 51/62 MP: 6/6
  2899 | Ossuary  | Reached XP level 8. HP: 30/71 MP: 7/7
  3200 | D:4      | Killed Eustachio
  3283 | Temple   | Entered the Ecumenical Temple
  3353 | D:4      | Found a snail-covered altar of Cheibriados.
  3523 | D:4      | Found an opulent altar of Gozag.
  3657 | D:4      | Found a runed translucent door.
  3658 | D:4      | Noticed Crazy Yiuf
  3813 | D:4      | Killed Crazy Yiuf
  3992 | D:5      | Entered Level 5 of the Dungeon
  4095 | D:5      | Found a shadowy altar of Dithmenos.
  4170 | D:5      | Found a runed translucent gate.
  4170 | D:5      | Found a runed translucent gate.
  4170 | D:5      | Found a runed translucent gate.
  4176 | D:5      | Noticed Anchor's ghost (amateur GnDe)
  4181 | D:5      | Noticed lucidstorm14's ghost (novice MiBe)
  4181 | D:5      | Noticed elagabalus's ghost (amateur GrFE)
  4181 | D:5      | Noticed spaghetti's ghost (novice OnBe)
  4182 | D:5      | Noticed discipleofbeogh's ghost (amateur DsIE)
  4198 | D:5      | Noticed Prince Ribbit
  4210 | D:5      | Killed Prince Ribbit
  4245 | D:5      | Noticed Sigmund
  4251 | D:5      | Killed Sigmund
  4252 | D:5      | Reached XP level 9. HP: 75/81 MP: 8/8
  4286 | D:5      | Found a radiant altar of Vehumet.
  4290 | D:5      | Found an ancient bone altar of Kikubaaqudgha.
  4291 | D:5      | Found a shimmering blue altar of Sif Muna.
  4317 | D:5      | Got Kikubaaqudgha's Codex of Mortification
  4473 | D:5      | Found a bloodstained altar of Trog.
  4645 | D:5      | Found an ornate altar of the Wu Jian Council.
  5200 | D:6      | Noticed Edmund
  5206 | D:6      | Killed Edmund
  5255 | D:6      | HP: 2/82 [poisoned by an orc wizard]
  6132 | D:6      | Found a sacrificial altar of Ru.
  6206 | D:6      | Found a blossoming altar of Fedhas.
  6556 | D:7      | Found Nuneosk's Antique Armour Shoppe.
  6593 | D:7      | Reached XP level 10. HP: 83/91 MP: 9/9
  6805 | D:7      | Found a white marble altar of Elyvilon.
  7272 | D:8      | Found a glowing golden altar of the Shining One.
  7303 | D:8      | Noticed a two-headed ogre
  7307 | D:8      | Killed a two-headed ogre
  7308 | D:8      | Reached skill level 10 in Fighting
  7308 | D:8      | Reached skill level 10 in Armour
  7308 | D:8      | Reached skill level 10 in Shields
  7969 | D:8      | Found a hide-covered altar of Uskayaw.
  7979 | D:8      | Reached skill level 10 in Axes
  8186 | D:9      | Found a flagged portal.
  8195 | Bailey   | Entered a bailey
  8265 | Bailey   | Noticed an orc knight
  8284 | Bailey   | HP: 6/141 [orc warrior/+0 halberd (7)]
  8285 | Bailey   | HP: 2/141 [orc/+0 trident (4)]
  8285 | Bailey   | Mangled by an orc warrior

Illustrated notes

Levels and vault maps discovered:
D:1:      dpeg_arrival_renting, layout_loops_ring, serial_bayou_pond_e,
          kennysheep_decorative_pillar, minivault_4
D:2:      minmay_razor_zed, layout_basic, serial_shops,
          nicolae_shop_industrial_runoff, hellmonk_ecumenical_altar_crossroads
D:3:      layout_basic, lemuel_tele_altar,
          grunt_temple_overflow_order_and_chaos_1,
          gammafunk_ghost_nasty_kobolds, uniq_jessica, uniq_grinder
D:4:      layout_gridville, lemuel_round_altar, nicolae_ashenzari_skybound,
          mainiacjoe_overflow_24_doors, minmay_temple_entry_slanted,
          nicolae_ossuary_entry_giza, uniq_eustachio, uniq_crazy_yiuf_cottage
D:5:      layout_loops_cross, grunt_temple_overflow_magic_moments,
          mainiacjoe_overflow_catwalk, nzn_wu_jian_council_hall,
          lemuel_doored_altar, gammafunk_ghost_cemetery, minmay_fountain_box,
          uniq_sigmund, uniq_prince_ribbit1
D:6:      layout_cave_pods, mainiacjoe_overflow_alcove_1,
          nicolae_ru_path_of_blood, patterned_corridor, uniq_edmund
D:7:      layout_cave_pools, elyvilon_altar_5, serial_gnoll_camp,
          gnoll_camp_mini_hut, gnoll_camp_mini_sergeant, gnoll_camp_mini_hut,
          gnoll_camp_mini_shop, gnoll_camp_mini_hut, gnoll_camp_mini_basic
D:8:      layout_gridville, tso_altar, nicolae_uskayaw_dance_studio
D:9:      layout_stronghold, dk_yredelemnul_ordeal, enter_bailey_6,
          hangedman_decor_peaks_small
Temple:   ebering_the_one_and_only
Bailey:   bailey_polearm_1, bailey

Skill      XL: |  1  2  3  4  5  6  7  8  9 10 |
---------------+-------------------------------+-----
Shields        | 4 5 6 8 9 10 | 10.4
Fighting       | 4 5 6 8 9 10 | 10.4
Armour         | 4 5 6 8 9 10 | 10.4
Axes           | 3 4 5 6 7 9 10 | 10.1

Action                     |  1- 3 |  4- 6 |  7- 9 | 10-12 || total
---------------------------+-------+-------+-------+-------++-------
  Melee: War axe           |    98 |    52 |   299 |       ||   449
         Headbutt          |    12 |     8 |    59 |    28 ||   107
         Battleaxe         |       |       |    10 |   128 ||   138
    Use: Scroll            |     2 |     1 |       |     1 ||     4
         Potion            |       |       |     1 |     1 ||     2
 Armour: Scale mail        |    21 |       |       |       ||    21
         Ice dragon scales |    58 |    68 |   314 |   123 ||   563
         Skin              |       |       |       |    12 ||    12
  Dodge: Dodged            |    42 |    45 |   138 |    85 ||   310
  Block: Buckler           |    24 |    16 |    80 |       ||   120

Table legend: (Time is in decaauts)
 A = Elapsed time spent in this place.
 B = Non-inter-level travel time spent in this place.
 C = Inter-level travel time spent in this place.
 D = Time resting spent in this place.
 E = Time spent auto-exploring this place.
 F = Levels seen in this place.
 G = Mean time per level.
                   A        B        C        D        E       F      G
               +--------+--------+--------+--------+--------+-----+--------+
         Total |   8423 |   7054 |   1369 |   1074 |   4142 |  12 |  701.9 |
       Dungeon |   7711 |   6342 |   1369 |    832 |   4099 |   9 |  856.8 |
        Temple |     19 |     19 |      0 |      0 |     10 |   1 |   19.0 |
       Ossuary |    598 |    598 |      0 |    242 |     33 |   1 |  598.0 |
        Bailey |     94 |     94 |      0 |      0 |      0 |   1 |   94.0 |
               +--------+--------+--------+--------+--------+-----+--------+

Top non-repeatable levels by time:
     D:6: 1627 daAuts
     D:2: 1048 daAuts
     D:8: 947 daAuts
     D:7: 885 daAuts
     D:4: 884 daAuts
     D:1: 877 daAuts
     D:5: 724 daAuts
     D:3: 650 daAuts
 Ossuary: 598 daAuts
  Bailey: 94 daAuts
     D:9: 67 daAuts
  Temple: 19 daAuts
